 Dungeon Crawl Stone Soup version 0.29-a0-283-ga02f740833 (webtiles) character file.

Game seed: 16190055140412312601

58 PaleWalker the Slasher (level 4, -2/38 HPs)
             Began as a Gnoll Wanderer on Mar 13, 2022.
             Was a Follower of Vehumet.
             Killed by divine providence
             ... invoked by an orc priest
              (10 damage)
             ... on level 2 of the Dungeon.
             The game lasted 00:03:30 (1676 turns).

PaleWalker the Slasher (Gnoll Wanderer)             Turns: 1676, Time: 00:03:30

Health: -2/38      AC:  4    Str: 10    XL:     4   Next: 2%
Magic:  8/8        EV: 11    Int: 14    God:    Vehumet [*.....]
Gold:   79         SH:  0    Dex: 12    Spells: 6/8 levels left

rFire   . . .      SeeInvis .   a - +2 falchion
rCold   + . .      Faith    .   (no shield)
rNeg    . . .      Spirit   .   e - +0 robe
rPois   .          Reflect  .   o - +0 helmet
rElec   .          Harm     .   (no cloak)
rCorr   +          Rampage  .   i - +0 pair of gloves
Will    .....                   (no boots)
Stlth   ++........              (no amulet)
HPRegen 0.12/turn               j - ring of resist corrosion
MPRegen 0.11/turn               m - ring of protection from cold

@: no status effects
A: fangs 1, strong nose, distributed training
a: Renounce Religion


You were on level 2 of the Dungeon.
You worshipped Vehumet.
Vehumet was aware of your devotion.
You visited 1 branch of the dungeon, and saw 2 of its levels.

You collected 79 gold pieces.

Inventory:

Hand Weapons
 a - a +2 falchion (weapon)
Missiles
 b - 13 poisoned darts (quivered)
 p - 5 boomerangs
Armour
 e - a +0 robe (worn)
 i - a +0 pair of gloves (worn)
 o - a +0 helmet (worn)
Jewellery
 j - a ring of resist corrosion (left hand)
 m - a ring of protection from cold (right hand)
Scrolls
 c - a scroll of immolation {unknown}
 d - 2 scrolls of fog
 g - a scroll of noise {unknown}
 h - a scroll of enchant armour {unknown}
 k - a scroll of teleportation {unknown}
Potions
 f - 2 potions of heal wounds {unknown}
 l - a potion of haste {unknown}
 n - a potion of brilliance {unknown}


   Skills:
 + Level 4.6 Fighting
 + Level 1.0 Short Blades
 + Level 6.5 Long Blades
 + Level 1.0 Axes
 + Level 1.0 Maces & Flails
 + Level 1.0 Polearms
 + Level 1.0 Staves
 + Level 1.0 Slings
 + Level 1.0 Bows
 + Level 1.0 Crossbows
 + Level 2.7 Throwing
 + Level 2.7 Armour
 + Level 1.0 Dodging
 + Level 2.5 Stealth
 + Level 1.0 Shields
 + Level 1.0 Unarmed Combat
 + Level 2.9 Spellcasting
 + Level 0.7 Conjurations
 + Level 0.7 Hexes
 + Level 2.2 Summonings
 + Level 0.7 Necromancy
 + Level 0.7 Translocations
 + Level 0.7 Transmutations
 + Level 0.7 Fire Magic
 + Level 0.7 Ice Magic
 + Level 0.7 Air Magic
 + Level 0.7 Earth Magic
 + Level 0.7 Poison Magic
 + Level 1.1 Invocations
 + Level 1.0 Evocations


You had 6 spell levels left.
You knew the following spells:

 Your Spells              Type           Power      Damage    Failure   Level
a - Summon Small Mammal   Summ           32%        N/A       9%          1
b - Sandblast             Erth           8%         2d5       16%         1

Your spell library contained the following spells:

 Spells                   Type           Power      Damage    Failure   Level
 Apportation              Tloc           8%         N/A       16%         1
 Foxfire                  Conj/Fire      16%        2x1d4     16%         1
 Passwall                 Tmut/Erth      3%         N/A       24%         2
 Summon Guardian Golem    Hex/Summ       6%         N/A       34%         3
 Conjure Flame            Conj/Fire      4%         6-21      43%         3
 Inner Flame              Hex/Fire       4%         N/A       43%         3
 Stone Arrow              Conj/Erth      8%         3d7       43%         3
 Flame Wave               Conj/Fire      4%         2d5       85%         4
 Alistair's Intoxication  Tmut/Pois      2%         N/A       99%         5


Dungeon Overview and Level Annotations

Branches:
Dungeon (2/15)

Altars:
Vehumet

Shops:
D:1 !   D:2 (


Innate Abilities, Weirdness & Mutations

You have very sharp teeth.
Your uncanny sense of smell can sniff out nearby items.
Your experience applies equally to all skills.


Message History

An orc priest comes into view. It is wielding a +0 short sword.
The orc priest shouts!
You hear a shout! x2; The orc priest shouts!
Casting: Summon Small Mammal (safe; 9% risk of failure)
Confirm with . or Enter, or press ? or * to list all spells.
You don't have any stones to cast with.
Unknown command.
An orc comes into view. It is wielding a +0 short sword.
You slash the orc priest!
The orc priest is heavily wounded.
The orc priest calls upon Beogh to heal the orc priest.
The orc priest is healed somewhat.
The orc priest hits you but does no damage.
An orc comes into view. It is wielding a +0 hand axe.
You hit the orc priest.
You bite the orc priest, but do no damage.
The orc priest is heavily wounded.
The orc priest hits you with a +0 short sword.
You hit the orc priest.
The orc priest is heavily wounded.
The orc priest hits you but does no damage.
An orc comes into view.
It is wielding a +2 flail of protection.
You hit the orc priest.
The orc priest is severely wounded.
The orc priest hits you with a +0 short sword.
You closely miss the orc priest.
The orc priest is severely wounded.
The orc priest begins to cast a cantrip, but forgets the words!
You closely miss the orc priest. You bite the orc priest.
The orc priest is almost dead.
The orc priest mumbles some strange prayers to Beogh against you.
Beogh smites you!
The orc priest mumbles some strange prayers to Beogh against you.
Beogh smites you!
* * * LOW HITPOINT WARNING * * *
You hit the orc priest.
You kill the orc priest!
Vehumet accepts your kill.
The orc priest mumbles some strange prayers to Beogh against you.
Beogh smites you!
You die...

#.# #.# #.#
#.# #.# #.#
#.# #.# ###
#.#
....o####.#
....oo)@..#
###########


You could see an orc priest and 2 orcs.

Vanquished Creatures
  An orc priest (D:2)
  3 adders (D:2)
  2 worms (D:2)
  A dart slug (D:1)
  2 ball pythons
  An endoplasm (D:2)
  2 hobgoblins (D:1)
  2 quokkas (D:1)
  6 bats
  2 frilled lizards (D:1)
  2 goblins (D:2)
  A kobold (D:2)
  5 rats (D:1)
30 creatures vanquished.

Notes
Turn   | Place    | Note
-------+----------+-------------------------------------------
     0 | D:1      | PaleWalker the Gnoll Wanderer began the quest for the Orb.
     0 | D:1      | PaleWalker set off with the following items: a +2 falchion,
                  | 13 poisoned darts, a +0 dagger, a scroll of fog, a +0 robe;
                  | and the following spell memorised: Summon Small Mammal; and
                  | the following spells available to memorise: Summon Guardian
                  | Golem
     0 | D:1      | Reached XP level 1. HP: 20/20 MP: 4/4
   229 | D:1      | Reached XP level 2. HP: 23/26 MP: 5/5
   269 | D:1      | Found Wuexzeq's Distillery.
   705 | D:1      | Found a faded altar of an unknown god.
   713 | D:1      | Prayed at the altar of an unknown god.
   713 | D:1      | Became a worshipper of Vehumet
   713 | D:1      | Reached * piety under Vehumet
   713 | D:1      | Offered knowledge of Sandblast by Vehumet.
  1051 | D:2      | Reached XP level 3. HP: 15/31 MP: 4/7
  1063 | D:2      | Learned a level 1 spell: Sandblast
  1323 | D:2      | Reached skill level 1 in Invocations
  1442 | D:2      | Found Beamneam's Weapon Shop.
  1541 | D:2      | Reached skill level 1 in Short Blades
  1541 | D:2      | Reached skill level 1 in Axes
  1541 | D:2      | Reached skill level 1 in Maces & Flails
  1541 | D:2      | Reached skill level 1 in Polearms
  1541 | D:2      | Reached skill level 1 in Staves
  1541 | D:2      | Reached skill level 1 in Slings
  1541 | D:2      | Reached skill level 1 in Bows
  1541 | D:2      | Reached skill level 1 in Crossbows
  1541 | D:2      | Reached skill level 1 in Dodging
  1541 | D:2      | Reached skill level 1 in Shields
  1541 | D:2      | Reached skill level 1 in Unarmed Combat
  1541 | D:2      | Reached skill level 1 in Evocations
  1654 | D:2      | Reached XP level 4. HP: 38/38 MP: 8/8
  1676 | D:2      | Killed from afar by an orc priest

Illustrated notes

Levels and vault maps discovered:
D:1:      giann_bridges, layout_basic, dreamdust_ecumenical_altar_statues,
          serial_shops, shop
D:2:      layout_loops_ring, basic_altar, serial_shops, shop,
          nicolae_shop_waterfront

Skill      XL: |  1  2  3 |
---------------+----------+-----
Summonings     | 2 |  2.2
Invocations    | 1 |  1.1
Short Blades   | 1 |  1.0
Axes           | 1 |  1.0
Maces & Flails | 1 |  1.0
Polearms       | 1 |  1.0
Staves         | 1 |  1.0
Slings         | 1 |  1.0
Bows           | 1 |  1.0
Crossbows      | 1 |  1.0
Dodging        | 1 |  1.0
Shields        | 1 |  1.0
Unarmed Combat | 1 |  1.0
Evocations     | 1 |  1.0
Fighting       | |  4.6
Long Blades    | |  6.5
Throwing       | |  2.7
Armour         | |  2.7
Stealth        | |  2.5
Spellcasting   | |  2.9
Conjurations   | |  0.7
Hexes          | |  0.7
Necromancy     | |  0.7
Translocations | |  0.7
Transmutations | |  0.7
Fire Magic     | |  0.7
Ice Magic      | |  0.7
Air Magic      | |  0.7
Earth Magic    | |  0.7
Poison Magic   | |  0.7

Action                   |  1- 3 |  4- 6 || total
-------------------------+-------+-------++-------
Melee: Falchion          |    90 |     9 ||    99
       Bite              |    11 |     2 ||    13
       Punch             |     1 |       ||     1
 Cast: Summon Small Mamm |     4 |       ||     4
 Stab: Sleeping          |     3 |       ||     3
Armor: Robe              |    24 |     2 ||    26
Dodge: Dodged            |    57 |     1 ||    58

Table legend: (Time is in decaauts)
 A = Elapsed time spent in this place.
 B = Non-inter-level travel time spent in this place.
 C = Inter-level travel time spent in this place.
 D = Time resting spent in this place.
 E = Time spent auto-exploring this place.
 F = Levels seen in this place.
 G = Mean time per level.
                   A        B        C        D        E       F      G
               +--------+--------+--------+--------+--------+-----+--------+
         Total |   1673 |   1662 |     11 |      0 |   1332 |   2 |  836.5 |
       Dungeon |   1673 |   1662 |     11 |      0 |   1332 |   2 |  836.5 |
               +--------+--------+--------+--------+--------+-----+--------+

Top non-repeatable levels by time:
     D:1: 1033 daAuts
     D:2: 640 daAuts
